[Event "WYCC 2018 G16"]
[Site "Halkidiki"]
[Date "2018.10.20"]
[Round "1"]
[White "Maltsevskaya, Aleksandra"]
[Black "Esadze, Tamari"]
[Result "1-0"]
[ECO "B90"]
[WhiteElo "2290"]
[BlackElo "1911"]
[Annotator "NA"]
[PlyCount "83"]
[EventDate "2018.10.20"]
[EventType "swiss"]
[EventCountry "GRE"]
[SourceTitle "playchess.com"]
[Source "ChessBase"]
[SourceQuality "1"]
[TimeControl "40/5400+30:1800+30"]

1. e4 c5 2. Nf3 d6 3. d4 cxd4 4. Nxd4 Nf6 5. Nc3 a6 6. h3 e5 7. Nde2 Be6 8. g3 Be7 9. Bg2 Nbd7 10. a4 O-O 11. O-O Rc8 {[%emt 0:01:23] B91: Sicilian Najdorf: 6 g3} (11... Qc7 12. Be3 Rfc8 13. g4 h6 14. Qd2 Bc4 15. Rfc1 b5 16. axb5 axb5 17. Rxa8 Rxa8 18. b3 b4 19. Na4 {½-½ (74) Huschenbeth,N (2601)-Navara,D (2732) Czech Republic 2018}) 12. b3 Qc7 13. Ra2 h6 $146 ({Predecessor:} 13... Rfe8 14. Be3 h5 15. f4 exf4 16. gxf4 Nf8 17. f5 Bd7 18. Bd4 Qd8 19. Nf4 {1-0 (34) Galyamov,V (2198)-Alikulov,E (2283) Tashkent 2012}) 14. a5 Nc5 15. Be3 Qc6 16. Nd5 Bxd5 17. exd5 Qc7 18. Kh2 Nh7 19. c4 Nd7 20. f4 exf4 21. gxf4 Rfe8 22. Nd4 $16 Bf6 23. Bg1 Nc5 24. b4 Ne4 25. Rc2 Bxd4 26. Bxd4 Qd7 27. Bf3 Nef6 28. Qd3 Kh8 29. Rg1 Rg8 30. Rcg2 Rce8 31. c5 Qd8 32. Qc3 Qe7 33. cxd6 Qxd6 34. Be5 Qd8 35. d6 b6 36. Qc7 bxa5 37. bxa5 Ref8 38. Bc6 Nh5 39. Qxd8 Rxd8 40. d7 N7f6 41. Rd2 Rdf8 42. Bc7 1-0

[Event "WYCC 2018 G16"]
[Site "Halkidiki"]
[Date "2018.10.20"]
[Round "1"]
[White "Muetsch, Annmarie"]
[Black "Xing, Ashley"]
[Result "1-0"]
[ECO "C45"]
[WhiteElo "2206"]
[BlackElo "1889"]
[Annotator "NA"]
[PlyCount "41"]
[EventDate "2018.10.20"]
[EventType "swiss"]
[EventCountry "GRE"]
[SourceTitle "playchess.com"]
[Source "ChessBase"]
[SourceQuality "1"]
[TimeControl "40/5400+30:1800+30"]

1. e4 e5 2. Nf3 Nc6 3. d4 exd4 4. Nxd4 Bc5 5. Nb3 Bb6 6. Nc3 Nge7 7. Bf4 d6 8. Qd2 Be6 9. O-O-O O-O 10. Kb1 Ng6 11. Bg3 f5 $14 12. f4 fxe4 13. Nxe4 Kh8 14. Ng5 Bg4 15. Re1 Qf6 16. h3 Bd7 17. Bc4 Nd4 18. Nxd4 Qxd4 19. Qxd4 Bxd4 20. Nf7+ Kg8 21. Ne5+ 1-0

[Event "WYCC 2018 G16"]
[Site "Halkidiki"]
[Date "2018.10.20"]
[Round "1"]
[White "Makhija, Aashna"]
[Black "Skaslien, Ingrid"]
[Result "1-0"]
[ECO "B07"]
[WhiteElo "2197"]
[BlackElo "1885"]
[Annotator "NA"]
[PlyCount "63"]
[EventDate "2018.10.20"]
[EventType "swiss"]
[EventCountry "GRE"]
[SourceTitle "playchess.com"]
[Source "ChessBase"]
[SourceQuality "1"]
[TimeControl "40/5400+30:1800+30"]

1. e4 d6 2. d4 Nf6 3. Nc3 Nbd7 4. Nf3 e5 5. Bc4 Be7 6. a4 c6 7. O-O Qc7 8. Re1 h6 9. Ba2 Nf8 10. Qd3 Ng6 11. h3 a5 12. Be3 O-O 13. Rad1 Nh5 14. Qc4 Nhf4 15. Bxf4 Nxf4 16. dxe5 dxe5 17. Nd5 Nxd5 18. exd5 Bd6 19. Qe4 Re8 20. Nh4 Bd7 21. dxc6 Bxc6 22. Qg6 Bf8 23. Nf5 Kh8 24. Bxf7 Red8 25. b3 Rxd1 26. Rxd1 Be4 27. Bc4 Bxc2 28. Qe6 Bb4 29. Rd7 Bxf5 30. Qxf5 Qc6 31. Qg4 Rf8 32. Qxg7# 1-0

[Event "WYCC 2018 G16"]
[Site "Halkidiki"]
[Date "2018.10.20"]
[Round "1"]
[White "Yurasova, Daria"]
[Black "Tejasvi M"]
[Result "1-0"]
[ECO "A14"]
[WhiteElo "2193"]
[BlackElo "1869"]
[Annotator "NA"]
[PlyCount "97"]
[EventDate "2018.10.20"]
[EventType "swiss"]
[EventCountry "GRE"]
[SourceTitle "playchess.com"]
[Source "ChessBase"]
[SourceQuality "1"]
[TimeControl "40/5400+30:1800+30"]

1. Nf3 Nf6 2. c4 e6 3. g3 d5 4. Bg2 Be7 5. O-O O-O 6. b3 c5 7. cxd5 exd5 8. d4 b6 9. dxc5 bxc5 10. Nc3 Bb7 11. Ba3 Qa5 12. Na4 Bc6 13. Rc1 Nbd7 $14 14. Nd4 Bxa4 15. bxa4 cxd4 16. Bxe7 Rfe8 17. Ba3 Nb6 18. Bb2 Nxa4 19. Bxd4 Ne4 20. e3 Rab8 21. Qg4 g6 22. Qf4 Nac3 23. Rc2 Nb5 24. Be5 g5 25. Qf5 Nbd6 26. Bxd6 Nxd6 27. Qxg5+ Kh8 28. Qf6+ Kg8 29. Qxd6 Rb6 30. Qxd5 Qxd5 31. Bxd5 Rd8 32. Bb3 Rb7 33. Rfc1 Rdd7 34. Rc5 Kg7 35. Rg5+ Kf6 36. Rcc5 Ke7 37. Rgf5 Kf8 38. Rc8+ Kg7 39. Rg5+ Kf6 40. Rh5 Kg7 41. Bc2 h6 42. Rc6 Rd2 43. Bb3 a5 44. Rxa5 Rbd7 45. Raa6 Rb2 46. Rxh6 Rdd2 47. Rhf6 Re2 48. Rxf7+ Kh8 49. Ra8# 1-0

[Event "WYCC 2018 G16"]
[Site "Halkidiki"]
[Date "2018.10.20"]
[Round "1"]
[White "Hilario, Aleyla"]
[Black "Kvendseth, Thyra"]
[Result "1-0"]
[ECO "E62"]
[WhiteElo "2175"]
[BlackElo "1854"]
[Annotator "NA"]
[PlyCount "51"]
[EventDate "2018.10.20"]
[EventType "swiss"]
[EventCountry "GRE"]
[SourceTitle "playchess.com"]
[Source "ChessBase"]
[SourceQuality "1"]
[TimeControl "40/5400+30:1800+30"]

1. d4 Nf6 2. c4 g6 3. Nf3 Bg7 4. g3 O-O 5. Bg2 d6 6. O-O Nc6 7. Nc3 e5 8. d5 Ne7 9. e4 Ne8 10. Ne1 f5 11. f4 exf4 $14 12. Bxf4 Nf6 13. exf5 Nxf5 14. Nf3 Ng4 15. Qd2 c6 16. Rae1 Bd7 17. Kh1 Qc7 18. c5 Rad8 19. Ne4 cxd5 20. Qxd5+ Kh8 21. Nxd6 Bc6 22. Qb3 Nd4 23. Nxd4 Bxd4 24. Ne4 Qg7 25. Ng5 b6 26. Bxc6 1-0

[Event "WYCC 2018 G16"]
[Site "Halkidiki"]
[Date "2018.10.20"]
[Round "1"]
[White "Serikbay, Assel"]
[Black "Pecorini, Angie"]
[Result "1-0"]
[ECO "D71"]
[WhiteElo "2166"]
[BlackElo "1847"]
[Annotator "NA"]
[PlyCount "73"]
[EventDate "2018.10.20"]
[EventType "swiss"]
[EventCountry "GRE"]
[SourceTitle "playchess.com"]
[Source "ChessBase"]
[SourceQuality "1"]
[TimeControl "40/5400+30:1800+30"]

1. d4 Nf6 2. c4 g6 3. g3 Bg7 4. Bg2 c6 5. Nf3 O-O 6. O-O d5 7. b3 Re8 8. Nc3 Bf5 9. Bb2 Ne4 10. Rc1 a5 11. Nh4 Nxc3 12. Bxc3 Be6 13. Ba1 f5 14. Nf3 h6 15. h4 Nd7 16. Qd3 Qb8 17. Bh3 Nf6 $14 18. Ne5 Kh7 19. f3 Nh5 20. Kg2 Bxe5 21. dxe5 dxc4 22. bxc4 Qc8 23. Rg1 f4 24. g4 Ng3 25. e3 Rd8 26. Qc2 h5 27. exf4 hxg4 28. fxg4 Bxg4 29. Kxg3 Bxh3 30. Qe2 Bf5 31. h5 Rd3+ 32. Kf2 Qd8 33. hxg6+ Bxg6 34. Rh1+ Kg8 35. e6 Rd4 36. Rh8+ Kxh8 37. Qe5+ 1-0

[Event "WYCC 2018 G16"]
[Site "Halkidiki"]
[Date "2018.10.20"]
[Round "1"]
[White "Peycheva, Gergana"]
[Black "Hoesley, Aria"]
[Result "1-0"]
[ECO "E10"]
[WhiteElo "2152"]
[BlackElo "1831"]
[Annotator "NA"]
[PlyCount "83"]
[EventDate "2018.10.20"]
[EventType "swiss"]
[EventCountry "GRE"]
[SourceTitle "playchess.com"]
[Source "ChessBase"]
[SourceQuality "1"]
[TimeControl "40/5400+30:1800+30"]

1. d4 Nf6 2. c4 e6 3. Nf3 c5 4. d5 b5 5. dxe6 fxe6 6. cxb5 d5 7. Bf4 Bd6 8. Bxd6 Qxd6 9. e3 O-O 10. Nc3 Qe7 11. Be2 Bb7 12. O-O Nbd7 13. Qb3 e5 14. e4 c4 15. Qd1 Nb6 16. exd5 Rad8 17. Re1 Nfxd5 18. Nxd5 $16 Bxd5 19. Qc1 e4 20. Qe3 Qf6 21. Nd4 Kh8 22. Rac1 Rd6 23. Bf1 Ba8 24. Nc6 Bxc6 25. bxc6 Rxc6 26. Rc2 Re8 27. h3 Rcc8 28. Qc1 Qf7 29. Rc3 Qd5 30. Qc2 h6 31. Rce3 Qa5 32. Qb1 Na4 33. Rxe4 Rxe4 34. Rxe4 Qb4 35. b3 Nc3 36. Qe1 Nxa2 37. Re8+ Rxe8 38. Qxe8+ Kh7 39. Bxc4 Qd6 40. Bg8+ Kh8 41. Bf7+ Kh7 42. Qg8# 1-0

[Event "WYCC 2018 G16"]
[Site "Halkidiki"]
[Date "2018.10.20"]
[Round "1"]
[White "Cervantes Landeiro, Thalia"]
[Black "Mikic, Ivana"]
[Result "1-0"]
[ECO "E21"]
[WhiteElo "2129"]
[BlackElo "1783"]
[Annotator "NA"]
[PlyCount "79"]
[EventDate "2018.10.20"]
[EventType "swiss"]
[EventCountry "GRE"]
[SourceTitle "playchess.com"]
[Source "ChessBase"]
[SourceQuality "1"]
[TimeControl "40/5400+30:1800+30"]

1. d4 Nf6 2. c4 e6 3. Nc3 Bb4 4. Nf3 b6 5. e3 O-O 6. Bd3 d5 7. cxd5 exd5 8. O-O Ba6 9. Bxa6 Nxa6 10. Qd3 Nb8 11. a3 Bxc3 $11 12. bxc3 Nbd7 13. c4 dxc4 14. Qxc4 c5 15. Bb2 Qe7 16. dxc5 Nxc5 17. Qh4 Nd5 18. Qg3 f6 19. Rad1 Rad8 20. Nd4 Qc7 21. Qg4 Rfe8 22. Nf5 Re4 23. Qf3 Qf7 24. Bd4 Ree8 25. Bxc5 bxc5 26. e4 Nb6 27. Nd6 Rxd6 28. Rxd6 Qe7 29. Rc6 c4 30. Re1 Qd7 31. Rc5 Qd4 32. Qe3 Qb2 33. a4 Rd8 34. a5 Rd3 35. Qf4 Qb4 36. Qb8+ Kf7 37. Rc7+ Kg6 38. Rf1 Qxa5 39. Qf8 Nd7 40. Qe8+ 1-0

[Event "WYCC 2018 G16"]
[Site "Halkidiki"]
[Date "2018.10.20"]
[Round "1"]
[White "Schulze, Lara"]
[Black "Sabiani, Chjara"]
[Result "1-0"]
[ECO "B32"]
[WhiteElo "2122"]
[BlackElo "1778"]
[Annotator "NA"]
[PlyCount "119"]
[EventDate "2018.10.20"]
[EventType "swiss"]
[EventCountry "GRE"]
[SourceTitle "playchess.com"]
[Source "ChessBase"]
[SourceQuality "1"]
[TimeControl "40/5400+30:1800+30"]

1. e4 c5 2. Nf3 Nc6 3. d4 cxd4 4. Nxd4 e5 5. Nb5 d6 6. N1c3 a6 7. Na3 b5 8. Nd5 Nf6 9. Bg5 Be7 10. Bxf6 Bxf6 11. c4 b4 {[%emt 0:00:15] B33: Sicilian: Pelikan and Sveshnikov Variations} 12. Nc2 O-O (12... a5 13. Qf3 Be6 14. Rd1 Bxd5 15. Rxd5 Ne7 16. Rb5 Rb8 17. Bd3 Bg5 18. O-O O-O 19. Rd1 Qc7 20. a3 b3 {½-½ (72) Bogner,S (2619)-Cordova,E (2609) Batumi 2018}) 13. g3 Bg5 14. Bg2 Qa5 15. O-O Qc5 16. Qd3 a5 17. Rad1 Bg4 18. Rde1 f5 $146 ({Predecessor:} 18... Rac8 19. b3 {1-0 (48) Rubio Tent,F (2199)-Blanco Acevedo,C (2346) Linares 2016}) 19. Nde3 Bxe3 20. Nxe3 Nd4 21. Nxf5 Bxf5 22. exf5 Ra7 23. Bd5+ Kh8 24. g4 Rf6 25. Kh1 Re7 26. f4 Nc6 27. Bxc6 Qxc6+ 28. Qd5 Qxd5+ 29. cxd5 e4 30. Re3 Kg8 31. Rc1 h5 32. h3 hxg4 33. hxg4 g6 34. Rc8+ Kg7 35. Rh3 gxf5 36. Rch8 Rff7 37. R8h5 Kg8 38. Rh8+ Kg7 39. g5 Rc7 40. R3h7+ Kg6 41. Rh6+ Kg7 42. R8h7+ Kg8 43. Rxf7 Rxf7 44. Rxd6 Rh7+ 45. Rh6 Rc7 46. Rc6 Rh7+ 47. Kg2 e3 48. Rh6 Rc7 49. Kf3 b3 50. axb3 Rc2 51. Kxe3 Rxb2 52. d6 Rxb3+ $18 53. Kd4 Rb1 54. Ke5 Rd1 55. Ke6 a4 56. Rh3 Rd4 57. Rc3 Rxf4 58. d7 Re4+ 59. Kf6 Rd4 60. Rc8+ 1-0

[Event "WYCC 2018 G16"]
[Site "Halkidiki"]
[Date "2018.10.20"]
[Round "1"]
[White "Bulatova, Kamaliya"]
[Black "Leonova, Ameliya"]
[Result "1-0"]
[ECO "A58"]
[WhiteElo "2108"]
[BlackElo "1736"]
[Annotator "NA"]
[PlyCount "51"]
[EventDate "2018.10.20"]
[EventType "swiss"]
[EventCountry "GRE"]
[SourceTitle "playchess.com"]
[Source "ChessBase"]
[SourceQuality "1"]
[TimeControl "40/5400+30:1800+30"]

1. d4 Nf6 2. c4 c5 3. d5 b5 4. cxb5 a6 5. bxa6 g6 6. Nc3 {[%emt 0:00:01] A58: Wolga/Benkö-Gambit} Bg7 7. e4 O-O 8. Be2 Qa5 9. Bd2 Bxa6 10. e5 Ne8 11. Nf3 d6 12. e6 fxe6 13. Ng5 {[%emt 0:09:06] [#]} e5 $146 ({Vorgänger:} 13... Bxe2 14. Nxe2 {0-1 (62) Cheparinov,I (2681)-Melkumyan,H (2622) Berlin 2015}) 14. Ne6 Rf7 15. Ne4 Bxe2 16. Qxe2 Qb6 17. O-O Nc7 18. N6g5 Rf5 19. Qg4 Nxd5 20. Ng3 Rf6 21. Qc8+ Bf8 $18 22. N3e4 Qc7 23. Nxf6+ exf6 24. Qe6+ Kg7 25. Qxd5 fxg5 26. Qxa8 1-0

[Event "WYCC 2018 G16"]
[Site "Halkidiki"]
[Date "2018.10.20"]
[Round "1"]
[White "Salonika, Saina"]
[Black "Sanabria Taskila, Jenny Maria"]
[Result "1-0"]
[ECO "B57"]
[WhiteElo "2093"]
[BlackElo "1728"]
[Annotator "NA"]
[PlyCount "45"]
[EventDate "2018.10.20"]
[EventType "swiss"]
[EventCountry "GRE"]
[SourceTitle "playchess.com"]
[Source "ChessBase"]
[SourceQuality "1"]
[TimeControl "40/5400+30:1800+30"]

1. e4 c5 2. Nf3 d6 3. d4 cxd4 4. Nxd4 Nf6 5. Nc3 Nc6 6. Bc4 Qb6 7. Nxc6 bxc6 8. O-O e6 9. Qe2 Nd7 10. Rb1 Ne5 11. Be3 $11 Qb4 12. Ba6 Qa5 13. Bxc8 Rxc8 14. f4 Nd7 15. f5 Be7 16. fxe6 fxe6 17. Qg4 Qe5 18. Rbd1 Nf6 19. Qh3 Nxe4 20. Bd4 Ng5 21. Qh5+ g6 22. Bxe5 gxh5 23. Bxh8 1-0

[Event "WYCC 2018 G16"]
[Site "Halkidiki"]
[Date "2018.10.20"]
[Round "1"]
[White "Rudzinska, Michalina"]
[Black "Langvik, Ulrikke"]
[Result "1-0"]
[ECO "C08"]
[WhiteElo "2073"]
[BlackElo "1715"]
[Annotator "NA"]
[PlyCount "73"]
[EventDate "2018.10.20"]
[EventType "swiss"]
[EventCountry "GRE"]
[SourceTitle "playchess.com"]
[Source "ChessBase"]
[SourceQuality "1"]
[TimeControl "40/5400+30:1800+30"]

1. e4 e6 2. d4 d5 3. Nd2 c5 4. exd5 exd5 5. Ngf3 Nf6 6. Bb5+ Bd7 7. Bxd7+ Nbxd7 8. O-O Be7 9. dxc5 Nxc5 10. Nb3 Nce4 11. Nfd4 Qd7 12. Re1 O-O 13. c3 Rfe8 14. f3 Nd6 15. Bg5 Nc4 16. Qc2 g6 17. Re2 Nh5 18. Bxe7 Rxe7 19. Nc5 Qc7 20. Nd3 Rae8 21. Rae1 Kf8 22. b3 Ne5 23. Nxe5 Rxe5 24. Rxe5 Rxe5 25. Rxe5 Qxe5 26. Qe2 f6 27. g3 Ng7 28. Kf2 a6 29. Qe3 Kf7 30. Ne2 Nf5 31. Qb6 Qe7 32. g4 Nd6 33. Nf4 Qe5 34. Qe3 Qg5 35. Qe6+ Kg7 36. Qxd6 f5 37. Ne6+ 1-0

[Event "WYCC 2018 G16"]
[Site "Halkidiki"]
[Date "2018.10.20"]
[Round "1"]
[White "Urh, Zala"]
[Black "Hewawasam, H Y Nevanjee Dimany"]
[Result "1-0"]
[ECO "E32"]
[WhiteElo "2066"]
[BlackElo "1686"]
[Annotator "NA"]
[PlyCount "117"]
[EventDate "2018.10.20"]
[EventType "swiss"]
[EventCountry "GRE"]
[SourceTitle "playchess.com"]
[Source "ChessBase"]
[SourceQuality "1"]
[TimeControl "40/5400+30:1800+30"]

1. d4 Nf6 2. c4 e6 3. Nc3 Bb4 4. Qc2 O-O 5. a3 Be7 {[%emt 0:00:37] E32: Nimzo-Indian: Classical (4 Qc2): 4...0-0} (5... Bxc3+ 6. Qxc3 d5 7. Bg5 dxc4 8. Qxc4 b6 9. Rd1 Ba6 10. Qa4 h6 11. Bh4 Qe7 12. Nf3 Rd8 13. e3 Bxf1 14. Rxf1 c5 15. dxc5 Rxd1+ 16. Qxd1 bxc5 {1-0 (43) Mamedyarov,S (2801)-Caruana,F (2822) Saint Louis 2018}) 6. e4 d6 7. Bd3 Nbd7 8. Nf3 h6 $146 ({Predecessor:} 8... e5 9. b4 exd4 10. Nxd4 Ne5 11. O-O Nxd3 12. Qxd3 c6 13. Bb2 {½-½ (64) Pakhteev,Y (2309)-Asrian,A (2053) Kimry 2007}) 9. O-O a6 10. b4 ({White should try} 10. e5) 10... b6 11. h3 Bb7 12. Bf4 c5 13. dxc5 bxc5 14. Rfd1 Rc8 15. Rab1 cxb4 16. axb4 e5 17. Be3 g5 18. Nd2 Qc7 19. Qb3 Nh5 20. Ne2 Nf4 21. Ng3 Kh7 22. Nf5 $18 Nf6 23. Kh2 Qd7 24. g3 Ne6 25. Ra1 Nh5 26. Qb2 Rg8 27. Nb3 Nhf4 28. gxf4 gxf4 29. Bb6 Ng5 30. Qe2 Qe6 31. Rg1 f3 32. Qe3 Bd8 33. Bxd8 Rcxd8 34. Nd2 Qg6 35. Nxf3 Qh5 36. Nxg5+ hxg5 37. Be2 Qg6 38. Ne7 Qxe4 39. Qxe4+ Bxe4 40. Nxg8 Rxg8 41. Rxa6 Rg6 42. Rd1 Rf6 43. Kg1 Rh6 44. Bd3 f5 45. Bxe4 fxe4 46. Rdxd6 Rxd6 47. Rxd6 Kg7 48. Re6 e3 49. fxe3 Kf7 50. Rxe5 Kf6 51. Rd5 Ke6 52. b5 g4 53. hxg4 Ke7 54. b6 Ke6 55. b7 Ke7 56. b8=Q Ke6 57. Qe5+ Kf7 58. Rd7+ Kg6 59. Qg7# 1-0

[Event "WYCC 2018 G16"]
[Site "Halkidiki"]
[Date "2018.10.20"]
[Round "1"]
[White "Aubert, Estee"]
[Black "Simkunaite, Gabija"]
[Result "1/2-1/2"]
[ECO "A45"]
[WhiteElo "2064"]
[BlackElo "1650"]
[Annotator "NA"]
[PlyCount "148"]
[EventDate "2018.10.20"]
[EventType "swiss"]
[EventCountry "GRE"]
[SourceTitle "playchess.com"]
[Source "ChessBase"]
[SourceQuality "1"]
[TimeControl "40/5400+30:1800+30"]

1. d4 Nf6 2. Bf4 d5 3. e3 c5 4. c3 Nc6 5. Nd2 e6 6. Ngf3 Nh5 7. Bg5 {[%emt 0:03:28] D02: Damenbauernspiele} Be7 (7... Qc7 8. Ne5 g6 9. Nxc6 bxc6 10. Be2 Rb8 11. Rb1 h6 12. Bh4 g5 13. Bxh5 gxh4 14. O-O Bd6 {1-0 (53) Harikrishna,P (2732)-Navara,D (2727) Prague 2018}) 8. Bxe7 Qxe7 9. Bb5 Bd7 10. Bxc6 Bxc6 11. Ne5 Nf6 12. Nxc6 bxc6 13. Qa4 Rc8 {[%emt 0:04:40] [#]} 14. Rc1 $146 ({Vorgänger:} 14. O-O O-O {½-½ (80) Gupta,A (2610)-Demidov,M (2523) chess.com INT 2018}) 14... O-O 15. Qa3 Nd7 16. Nb3 Qg5 17. O-O c4 18. Nd2 Rfd8 19. f4 Qg6 20. e4 Nf6 21. e5 Ne4 22. Nxe4 Qxe4 23. Rce1 Qf5 $11 24. Qe7 Re8 25. Qh4 c5 26. g4 Qg6 27. dxc5 Rxc5 28. Kh1 f5 29. exf6 Qxf6 30. Qh5 Qg6 31. Qxg6 hxg6 32. Re5 Rc7 33. Kg2 Kf7 34. Kg3 Rb8 35. Rf2 Rcb7 36. Ree2 Rd8 37. Rd2 Kf6 38. g5+ Kf7 39. Kg4 Re7 40. h4 a5 41. Rfe2 Rb8 42. Re5 Rb6 43. h5 gxh5+ 44. Kxh5 Rb8 45. f5 Rh8+ 46. Kg4 exf5+ 47. Rxf5+ Kg6 48. Rdxd5 Rh2 49. Rd6+ Kh7 50. Rxa5 Rg2+ 51. Kf3 Rxb2 52. Rd4 Rc7 53. Ke4 Rc2 54. Ra3 Kg6 55. Kd5 Kxg5 56. Rxc4 Rd2+ 57. Rd4 Rd7+ 58. Kc5 R7xd4 59. cxd4 Kf4 60. d5 g5 61. Kc6 Ke5 62. Re3+ Kf4 63. Ra3 Ke5 64. Rg3 Kf4 65. Rg1 Rxa2 66. Rd1 g4 67. d6 Ra6+ 68. Kb7 Rxd6 69. Rxd6 Kf3 70. Kc6 g3 71. Rf6+ Ke2 72. Rg6 Kf2 73. Kd5 g2 74. Rf6+ Ke2 1/2-1/2

[Event "WYCC 2018 G16"]
[Site "Halkidiki"]
[Date "2018.10.20"]
[Round "1"]
[White "Gombocz, Zsofia"]
[Black "Ortega Beltran, Ximena"]
[Result "1/2-1/2"]
[ECO "B27"]
[WhiteElo "2038"]
[BlackElo "1628"]
[Annotator "NA"]
[PlyCount "75"]
[EventDate "2018.10.20"]
[EventType "swiss"]
[EventCountry "GRE"]
[SourceTitle "playchess.com"]
[Source "ChessBase"]
[SourceQuality "1"]
[TimeControl "40/5400+30:1800+30"]

1. e4 c5 2. Nf3 g6 3. d4 cxd4 4. Qxd4 Nf6 5. Bb5 a6 6. e5 axb5 7. exf6 Nc6 8. Qd3 b4 9. fxe7 Qxe7+ 10. Be3 Bg7 11. c3 O-O 12. O-O $15 d6 13. Nd4 Ne5 14. Qe4 Re8 15. Nd2 bxc3 16. bxc3 Ng4 17. Qxe7 Rxe7 18. Bg5 Rc7 19. Ne4 d5 20. Nb5 Rc6 21. Ng3 Rc5 22. a4 Bd7 23. Be7 Rc4 24. h3 Nf6 25. Bb4 Ne4 26. Nxe4 Rxe4 27. Nc7 Rxa4 28. Nxd5 h5 29. Rxa4 Bxa4 30. Ra1 b5 31. Rc1 Bb3 32. Ne3 Bc4 33. Rd1 Kh7 34. Rd7 Be6 35. Rb7 Re5 36. Bd6 Re4 37. Bb4 Re5 38. Bd6 1/2-1/2

[Event "WYCC 2018 G16"]
[Site "Halkidiki"]
[Date "2018.10.20"]
[Round "1"]
[White "Sosa Suarez, Carla Cristina"]
[Black "Cohen, Yael"]
[Result "1/2-1/2"]
[ECO "B70"]
[WhiteElo "2025"]
[BlackElo "1602"]
[Annotator "NA"]
[PlyCount "125"]
[EventDate "2018.10.20"]
[EventType "swiss"]
[EventCountry "GRE"]
[SourceTitle "playchess.com"]
[Source "ChessBase"]
[SourceQuality "1"]
[TimeControl "40/5400+30:1800+30"]

1. e4 c5 2. Nf3 d6 3. d4 cxd4 4. Nxd4 Nf6 5. Nc3 g6 6. Bc4 Bg7 7. O-O O-O 8. Re1 Nc6 9. Nb3 Be6 {[%emt 0:00:51] B70: Sicilian Dragon: 6 g3 and 6 Be2 (without a later Be3)} (9... a6 10. Bf1 b5 11. Nd5 Bb7 12. c3 Nd7 13. a4 bxa4 14. Rxa4 e6 15. Ne3 Nb6 16. Ra1 Qc7 17. Nc4 Nxc4 18. Bxc4 h5 19. Bf1 {½-½ (75) Khusnutdinov,R (2458)-Lu,S (2627) Doha 2016}) 10. Nd5 Rc8 11. c3 Ne5 12. Bf1 Bxd5 13. exd5 Nc4 14. g3 $146 ({Predecessor:} 14. a4 Nb6 15. g4 h6 16. Bg2 Re8 17. a5 Nc4 18. h3 Qc7 19. Ra4 b5 {0-1 (62) Zeller,F (2383)-Fedorovsky,M (2471) Karlsruhe 2018}) 14... Re8 15. a4 a5 16. Bh3 Ra8 17. Nd2 Nxd2 18. Qxd2 Qc7 19. Qd3 Nd7 20. f4 Nb6 21. Be3 Qc4 22. Qxc4 Nxc4 23. Rab1 Nxe3 24. Rxe3 f5 25. Bf1 Bf6 26. Kg2 Rac8 27. Bb5 Red8 28. h3 Rc5 29. Rd1 Kf7 30. g4 fxg4 31. hxg4 h6 32. Rh3 Rh8 33. Kf3 g5 34. f5 Bg7 35. Ke4 Rhc8 36. Ra1 Rc4+ 37. Bxc4 Rxc4+ 38. Kf3 Rf4+ 39. Ke3 Rxg4 40. Ra3 Rc4 41. Ra1 g4 42. Rhh1 Kf6 43. Rh5 Kf7 44. Rg1 Kf6 45. b3 Rxc3+ 46. Kd2 Rxb3 47. Rxg4 Rb2+ 48. Kd3 Rb3+ 49. Kc2 Re3 50. Rg6+ Kf7 51. Rg4 Re5 52. Rd4 Re2+ 53. Rd2 Re4 $11 54. Kb3 Rb4+ 55. Ka3 Bc3 56. Rc2 Bg7 57. Rd2 Bc3 58. Rd3 Bb2+ 59. Ka2 Bc1 60. Rb3 Rxa4+ 61. Kb1 Bg5 62. Rxb7 Kf6 63. Rh2 1/2-1/2

[Event "WYCC 2018 G16"]
[Site "Halkidiki"]
[Date "2018.10.20"]
[Round "1"]
[White "Hercog, Nusa"]
[Black "Cotun, Mihaela"]
[Result "1-0"]
[ECO "D43"]
[WhiteElo "2017"]
[BlackElo "1482"]
[Annotator "NA"]
[PlyCount "53"]
[EventDate "2018.10.20"]
[EventType "swiss"]
[EventCountry "GRE"]
[SourceTitle "playchess.com"]
[Source "ChessBase"]
[SourceQuality "1"]
[TimeControl "40/5400+30:1800+30"]

1. d4 d5 2. c4 e6 3. Nf3 Nf6 4. Nc3 c6 5. Qb3 dxc4 6. Qxc4 b5 7. Qd3 Bb7 8. Bg5 Be7 9. e4 a6 10. Be2 Nbd7 11. O-O c5 12. e5 Nd5 13. Ne4 O-O 14. Bxe7 Qxe7 15. Nfg5 g6 16. f4 h6 17. Nh3 Nb4 18. Qb1 c4 19. Nhf2 Nd5 20. Qc1 Kg7 21. Nd6 Bc6 22. Bf3 Rab8 23. Ng4 h5 24. Bxd5 Bxd5 25. f5 exf5 26. Nxf5+ gxf5 27. Qh6+ 1-0

[Event "WYCC 2018 G16"]
[Site "Halkidiki"]
[Date "2018.10.20"]
[Round "1"]
[White "Bogdanic, Katarina"]
[Black "Quintana Chanduvi, Daniela Sofia"]
[Result "1-0"]
[ECO "A37"]
[WhiteElo "2014"]
[BlackElo "1400"]
[Annotator "NA"]
[PlyCount "151"]
[EventDate "2018.10.20"]
[EventType "swiss"]
[EventCountry "GRE"]
[SourceTitle "playchess.com"]
[Source "ChessBase"]
[SourceQuality "1"]
[TimeControl "40/5400+30:1800+30"]

1. Nf3 c5 2. c4 g6 3. g3 Bg7 4. Bg2 Nc6 5. Nc3 e5 6. O-O d6 7. d3 Nge7 8. Ne1 O-O 9. Nc2 a6 10. Ne3 Rb8 11. Ned5 b5 12. Bg5 Kh8 13. Qd2 Be6 14. Bf6 Bxf6 15. Nxf6 Kg7 16. Nfd5 f5 17. f4 bxc4 18. dxc4 e4 19. Rad1 Nb4 20. Nxe7 Qxe7 21. a3 Nc6 22. Qxd6 Qxd6 23. Rxd6 Nd8 24. Rfd1 Bxc4 25. Bf1 Nf7 26. Rc6 Rfc8 27. Rxc8 Rxc8 28. Rd7 Rc6 29. Rb7 Kf8 30. Rb8+ Ke7 31. Na4 Kd7 32. e3 Bxf1 33. Kxf1 Ke6 34. Nc3 c4 35. Re8+ Kd6 36. Rf8 Nh6 37. h3 Rc7 38. Rf6+ Kc5 39. Rxa6 Rb7 40. Ra5+ Kc6 41. Na4 Rb5 42. Ra6+ Kb7 43. Rd6 Ka7 44. Rc6 Ng8 45. Rxc4 Nf6 46. b4 Kb8 47. Nc3 Rb7 48. a4 Ne8 49. Rd4 Ka7 50. Nb5+ Ka6 51. Rd5 Nc7 52. Rd6+ Rb6 53. Nxc7+ Kb7 54. Rxb6+ Kxb6 55. Nd5+ Kc6 56. Nf6 h6 57. Ng8 g5 58. Nxh6 gxf4 59. gxf4 Kc7 60. Nxf5 Kd7 61. h4 Ke6 62. Nd4+ Kd5 63. a5 Kc4 64. a6 Kxb4 65. a7 Kc3 66. a8=Q Kd3 67. Qa3+ Kc4 68. Qb3+ Kc5 69. Qb5+ Kd6 70. Qe5+ Kd7 71. Qe6+ Kc7 72. Qc6+ Kd8 73. Qb7 Ke8 74. Qc7 Kf8 75. Ne6+ Kg8 76. Qg7# 1-0

[Event "WYCC 2018 G16"]
[Site "Halkidiki"]
[Date "2018.10.20"]
[Round "1"]
[White "Kobald, Jacqueline"]
[Black "Solozhenkina, Elizaveta"]
[Result "0-1"]
[ECO "B91"]
[WhiteElo "1911"]
[BlackElo "2276"]
[Annotator "NA"]
[PlyCount "52"]
[EventDate "2018.10.20"]
[EventType "swiss"]
[EventCountry "GRE"]
[SourceTitle "playchess.com"]
[Source "ChessBase"]
[SourceQuality "1"]
[TimeControl "40/5400+30:1800+30"]

1. e4 c5 2. Nf3 d6 3. d4 cxd4 4. Nxd4 Nf6 5. Nc3 a6 6. g3 e5 7. Nde2 Be7 8. Bg2 O-O 9. h3 b5 10. a4 b4 11. Nd5 Nxd5 12. exd5 Nd7 13. O-O $15 a5 14. Kh2 Ba6 15. f4 Rc8 16. Be3 Qc7 17. Rc1 exf4 18. Rxf4 Rfe8 19. Nd4 Bg5 20. Rxf7 Bxe3 21. Ne6 Kxf7 22. Nxc7 Rxc7 23. Qf3+ Nf6 24. Re1 Rce7 25. Kh1 Bc4 26. Rd1 Bc5 0-1